 Dungeon Crawl Stone Soup version 0.28.0-53-g5a82cb258f (webtiles) character file.

Game seed: 10363729648707388435

655 Descartes the Shield-Bearer (level 7, 0/52 HPs)
             Began as a Formicid Fighter on Aug 15, 2022.
             Slain by an ogre
             ... wielding a +0 giant spiked club
              (7 damage)
             ... on level 4 of the Dungeon.
             The game lasted 00:08:22 (5151 turns).

Descartes the Shield-Bearer (Formicid Fighter)      Turns: 5151, Time: 00:08:23

Health: 0/52       AC: 12    Str: 23    XL:     7   Next: 85%
Magic:  7/7        EV:  7    Int:  7    God:
Gold:   141        SH:  5    Dex: 10    Spells: 6/6 levels left

rFire   + . .      SeeInvis +   a - +0 war axe
rCold   . . .      Faith    .   c - +0 buckler
rNeg    . . .      Spirit   .   x - +1 chain mail {rF+}
rPois   .          Reflect  .   (helmet unavailable)
rElec   .          Harm     .   (no cloak)
rCorr   .          Rampage  .   (no gloves)
Will    .....                   j - +0 pair of boots
Stlth   ..........              (no amulet)
HPRegen 0.17/turn               g - ring of wizardry
MPRegen 0.10/turn               (no ring)

@: no status effects
A: permanent stasis, dig shafts and tunnels, antennae 3, four strong arms
a: Dig, Shaft Self


You were on level 4 of the Dungeon.
You visited 1 branch of the dungeon, and saw 4 of its levels.

You collected 141 gold pieces.

Inventory:

Hand Weapons
 a - a +0 war axe (weapon)
Missiles
 l - 98 arrows
 o - 14 sling bullets
 p - 171 stones
Armour
 c - a +0 buckler (worn)
 j - a +0 pair of boots (worn)
 w - the +1 scale mail of Reasonable Freedom {-Tele Rampage rPois Str-3}
   (You found it on level 4 of the Dungeon)

   Str:       It affects your strength (-3).
   rPois:     It protects you from poison.
   -Tele:     It prevents most forms of teleportation.
   Rampage:   It bestows one free step when moving towards enemies.
 x - a +1 chain mail of fire resistance (worn)
Jewellery
 g - a ring of wizardry (left hand)
Wands
 t - a wand of flame (10)
Scrolls
 b - a scroll of summoning {unknown}
 h - 2 scrolls of vulnerability {unknown}
 i - 3 scrolls of identify {unknown}
 k - 2 scrolls of fear {unknown}
 n - a scroll of brand weapon {unknown}
 r - a scroll of magic mapping {unknown}
 s - 2 scrolls of enchant weapon {unknown}
Potions
 e - a potion of curing {unknown}
 f - a potion of ambrosia {unknown}
 m - 2 potions of lignification {unknown}
 q - a potion of magic {unknown}
 v - a potion of haste {unknown}


   Skills:
 - Level 3.2 Fighting
 + Level 3.6(4.6) Axes
 + Level 2.8(3.7) Maces & Flails
 + Level 2.9(3.8) Polearms
 + Level 4.9 Armour
 + Level 5.3 Shields
 + Level 2.7 Translocations


You had 6 spell levels left.
You didn't know any spells.
Your spell library contained the following spells:

 Spells                   Type           Power      Damage    Failure   Level
 Freeze                   Ice            0%         1d3       82%         1
 Frozen Ramparts          Ice            0%         1d2       99%         3
 Animate Dead             Necr           0%         N/A       100%        4
 Hailstorm                Conj/Ice       0%         3d3       100%        4
 Haunt                    Necr/Summ      0%         N/A       100%        7
 Infestation              Necr           0%         N/A       100%        8


Dungeon Overview and Level Annotations

Branches:
Dungeon (4/15)
 Temple: D:4-7

Altars:
The Shining One

Shops:
D:1 [

Annotations:
D:3 Placeboclown's ghost, amateur MfGl


Innate Abilities, Weirdness & Mutations

You cannot be hasted, slowed, berserked, paralysed or teleported.
You can dig through walls and to a lower floor.
You have a pair of large antennae on your head. (SInv)
Your four strong arms can wield two-handed weapons with a shield.


Message History

Eustachio is heavily wounded.
You block the bat's attack. You block Eustachio's attack.
You slash Eustachio!
Eustachio is almost dead.
You slash the rat!
You kill the rat!
The rat's corpse disappears in a puff of smoke!
The bat hits you but does no damage. x2; Eustachio hits you with a +0 falchion!
Unknown command.
You slash Eustachio!
You kill Eustachio!
The bat disappears in a puff of smoke!
Things that are here:
a +0 falchion; a +1 leather armour of positive energy; the human corpse of Eustachio You feel a little less mighty now.
You sense a monster nearby.
No target in view!
An ogre comes into view. It is wielding a +0 giant spiked club.
You slash the ogre!
The ogre is moderately wounded.
The ogre hits you with a +0 giant spiked club!
You completely miss the ogre.
The ogre is moderately wounded.
The ogre hits you with a +0 giant spiked club!!
* * * LOW HITPOINT WARNING * * *
You are too injured to fight recklessly!
You are too injured to fight recklessly!
You are too injured to fight recklessly!
You are too injured to fight recklessly!
You are too injured to fight recklessly!
You are too injured to fight recklessly!
You are too injured to fight recklessly!
You are too injured to fight recklessly!
You are too injured to fight recklessly!
You are too injured to fight recklessly!
You are too injured to fight recklessly!
You are too injured to fight recklessly!
There is a stone staircase leading up here.
The ogre hits you with a +0 giant spiked club!
You die...

.....##................##.# #.#.
##.#.##................##.####.#.
#.#>##...........#######.....)#.
#.#.##...........##.............
#.#.#######'#.....'.............
#.#...........#####..<..#######.
#.#########.#.#####.....#######.
#.###### #.............'.......
#......# ###..@O.......########
#......# #...[.................
#......####+#....>.....#########
#..................#............
#..............##......####.#.#.
#..............#..............#.
#.####.).........##########.#o#.
#.# #.......#'#..# #.#.#. #.#
#.......#≈#..# #.#{#.


You could see an ogre.

Vanquished Creatures
  Eustachio (D:4)
  A black bear (D:3)
  A wyvern zombie (D:3)
  A centaur zombie (D:4)
  2 orc wizards (D:3)
  Natasha (thrice) (D:2)
  A hound skeleton (D:4)
  Robin (D:2)
  4 gnolls
  5 adders
  2 worms
  5 orcs
  8 ball pythons
  8 endoplasms
  5 giant cockroaches
  13 goblins
  12 hobgoblins
  3 jackals
  3 quokkas
  2 bats
  4 frilled lizards
  A jackal skeleton (D:4)
  7 kobolds
  3 rats
96 creatures vanquished.

Vanquished Creatures (others)
  A plant (D:1)
1 creature vanquished.

Grand Total: 97 creatures vanquished

Notes
Turn   | Place    | Note
-------+----------+-------------------------------------------
     0 | D:1      | Descartes the Formicid Fighter began the quest for the Orb.
     0 | D:1      | Reached XP level 1. HP: 18/18 MP: 1/1
    84 | D:1      | Found a faded altar of an unknown god.
   145 | D:1      | Found Xiguefub's Armour Shoppe.
   180 | D:1      | Reached XP level 2. HP: 24/24 MP: 2/2
   781 | D:2      | Reached XP level 3. HP: 29/29 MP: 3/3
   944 | D:2      | Reached skill level 1 in Maces & Flails
  1131 | D:2      | Reached skill level 1 in Polearms
  1232 | D:2      | Noticed Robin
  1236 | D:2      | Reached skill level 1 in Translocations
  1245 | D:2      | Reached XP level 4. HP: 24/35 MP: 4/4
  1248 | D:2      | Reached skill level 4 in Shields
  1252 | D:2      | Killed Robin
  1603 | D:2      | Noticed Natasha
  1614 | D:2      | Killed Natasha
  1864 | D:2      | Reached XP level 5. HP: 24/41 MP: 5/5
  1868 | D:2      | HP: 1/41 [gnoll/+0 flail (6)]
  2075 | D:2      | Noticed Natasha
  2084 | D:2      | Killed Natasha
  2228 | D:2      | Noticed Natasha
  2237 | D:2      | Killed Natasha
  2337 | D:3      | Found a glowing golden altar of the Shining One.
  2375 | D:3      | Reached XP level 6. HP: 21/47 MP: 6/6
  3363 | D:4      | Noticed a black bear
  3364 | D:4      | Found a runed translucent door.
  3389 | D:3      | Killed a black bear
  3390 | D:3      | Reached XP level 7. HP: 12/52 MP: 7/7
  3651 | D:3      | Reached skill level 5 in Shields
  3855 | D:4      | Identified the +1 scale mail of Reasonable Freedom {-Tele
                  | Rampage rPois Str-3}
  4013 | D:4      | Noticed Placeboclown's ghost (amateur MfGl)
  4672 | D:4      | Noticed Eustachio
  4983 | D:4      | Killed Eustachio
  5151 | D:4      | Slain by an ogre

Illustrated notes

Levels and vault maps discovered:
D:1:      lightli_iron_boxes, layout_loops_ring, serial_shops,
          nicolae_square_shop, dreamdust_ecumenical_altar_grove
D:2:      layout_basic, uniq_robin, uniq_natasha
D:3:      layout_basic, mainiacjoe_overflow_brackets, minmay_misc_feat_cross,
          minmay_misc_feat_encased
D:4:      layout_basic, ebering_ghost_sewer_d, uniq_eustachio

Skill      XL: |  1  2  3  4  5  6  7 |
---------------+----------------------+-----
Maces & Flails | 1 2 |  2.8
Polearms       | 1 2 |  2.9
Translocations | 1 2 |  2.7
Shields        | 4 5 |  5.3
Armour         | 4 |  4.9
Axes           | 3 |  3.6
Fighting       | |  3.2

Action                   |  1- 3 |  4- 6 |  7- 9 || total
-------------------------+-------+-------+-------++-------
Melee: War axe           |   110 |   142 |   132 ||   384
 Abil: Dig               |       |       |     1 ||     1
  Use: Potion            |       |     2 |     1 ||     3
Armor: Scale mail        |    51 |    52 |    26 ||   129
       Chain mail        |       |    59 |    77 ||   136
Dodge: Dodged            |    60 |    70 |    85 ||   215
Block: Buckler           |    25 |    38 |    36 ||    99
